 Dungeon Crawl Stone Soup version 0.27.1-2-g3b301248ec (webtiles) character file.

Game seed: 17130598510918397289

2195 loralnil the Insei (level 9, 0/68 HPs)
             Began as a Gnoll Transmuter on Sept 27, 2021.
             Was a Follower of Cheibriados.
             Slain by an orc warrior (10 damage)
             ... on level 7 of the Dungeon on Sept 28, 2021.
             The game lasted 00:11:03 (8673 turns).

loralnil the Insei (Gnoll Transmuter)               Turns: 8673, Time: 00:11:04

Health: 0/68       AC:  2    Str: 17    XL:     9   Next: 34%
Magic:  15/18      EV: 27    Int: 16    God:    Cheibriados [*.....]
Gold:   212        SH:  0    Dex: 28    Spells: 8/21 levels left

rFire    . . .     SeeInvis .     - Unarmed
rCold    . . .     Faith    .   (shield currently unavailable)
rNeg     . . .     Spirit   .   (armour currently unavailable)
rPois    x         Reflect  .   (helmet currently unavailable)
rElec    .         Harm     .   (cloak currently unavailable)
rCorr    .         Rampage  .   (gloves currently unavailable)
Will     .....                  (boots currently unavailable)
Stlth    +++.......             v - amulet of magic regeneration
HPRegen  0.21/turn              c - +6 ring of dexterity
MPRegen  0.41/turn              w - +6 ring of strength

@: spider-form, very slow
A: venomous fangs, tiny, (fangs 1), strong nose, distributed training
a: End Transformation, Renounce Religion, Bend Time


You were on level 7 of the Dungeon.
You worshipped Cheibriados.
Cheibriados was aware of your devotion.
You were a venomous arachnid creature.
You visited 2 branches of the dungeon, and saw 8 of its levels.

You collected 374 gold pieces.
You spent 162 gold pieces at shops.

Inventory:

Hand Weapons
 B - a +4 broad axe of flaming
Missiles
 i - a throwing net
 y - 6 curare-tipped darts
Armour
 p - a +0 helmet (melded)
 x - a +0 cloak (melded)
 D - a +0 leather armour of poison resistance (melded)
Jewellery
 c - a +6 ring of dexterity (left front leg)
 g - a +4 ring of slaying
 v - an amulet of magic regeneration (around neck)
 w - a +6 ring of strength (right front leg)
 A - an amulet of the acrobat
Wands
 k - a wand of charming (5)
 l - a wand of iceblast (13)
Scrolls
 h - a scroll of torment
 m - a scroll of enchant armour {unknown}
 o - 2 scrolls of teleportation
 r - a scroll of summoning {unknown}
 t - a scroll of noise {unknown}
 u - a scroll of fog
 z - a scroll of silence {unknown}
 C - a scroll of fear
Potions
 b - 3 potions of lignification
 d - a potion of brilliance
 e - a potion of heal wounds
 f - 3 potions of curing
 j - a potion of magic {unknown}
 n - a potion of attraction {unknown}
 q - a potion of might {unknown}
 s - 2 potions of cancellation {unknown}


   Skills:
 + Level 5.0 Fighting
 + Level 4.1 Short Blades
 + Level 4.1 Long Blades
 + Level 4.1 Axes
 + Level 4.1 Maces & Flails
 + Level 4.1 Polearms
 + Level 4.1 Staves
 + Level 4.1 Slings
 + Level 4.1 Bows
 + Level 4.1 Crossbows
 + Level 4.1 Throwing
 + Level 4.1 Armour
 + Level 6.2 Dodging
 + Level 4.1 Stealth
 + Level 4.1 Shields
 + Level 7.8 Unarmed Combat
 + Level 6.6 Spellcasting
 + Level 3.4 Conjurations
 + Level 3.4 Hexes
 + Level 3.4 Summonings
 + Level 3.4 Necromancy
 + Level 3.4 Translocations
 + Level 5.2 Transmutations
 + Level 3.4 Fire Magic
 + Level 3.4 Ice Magic
 + Level 3.4 Air Magic
 + Level 3.4 Earth Magic
 + Level 3.4 Poison Magic
 + Level 4.5 Invocations
 + Level 4.1 Evocations


You had 8 spell levels left.
You knew the following spells:

 Your Spells              Type           Power      Damage    Failure   Level
a - Beastly Appendage     Tmut           42%        N/A       7%          1
b - Wereblood             Tmut           21%        N/A       9%          2
c - Spider Form           Tmut/Pois      9%         N/A       19%         3
d - Teleport Other        Tloc           16%        N/A       24%         3
e - Ice Form              Ice/Tmut       19%        N/A       43%         4

Your spell library contained the following spells:

 Spells                   Type           Power      Damage    Failure   Level
 Gell's Gravitas          Tloc           8%         N/A       24%         3
 Dispersal                Tloc           8%         N/A       100%        6


Dungeon Overview and Level Annotations

Branches:
Dungeon (7/15)             Temple (1/1) D:5

Altars:
Cheibriados
Dithmenos
Gozag
Kikubaaqudgha
Nemelex Xobeh
Okawaru
Xom
Yredelemnul

Shops:
D:7 *


Innate Abilities, Weirdness & Mutations

You are a venomous arachnid creature.
You have poisonous fangs.
You are tiny and dextrous.
Your spellcasting is less reliable in this form.
Your armour is entirely melded.
You are incapable of wielding weapons or throwing items.
((You have very sharp teeth.))
Your uncanny sense of smell can sniff out nearby items.
Your experience applies equally to all skills.


Message History

The electric eel is heavily wounded.
The orc wizard completely misses you.
The orc warrior hits you with a +0 hand axe!
* * * LOW HITPOINT WARNING * * *
You hit the electric eel.
The electric eel looks as sick as possible!
The electric eel is almost dead.
You kill the electric eel!
Cheibriados appreciates the change of pace.
The orc wizard hits you with a +0 dagger of holy wrath.
* * * LOW HITPOINT WARNING * * *
The orc warrior barely misses you.
Your Fighting skill increases to level 5!
The orc wizard casts a spell at you. The magic dart hits you!
* * * LOW HITPOINT WARNING * * *
An orc comes into view. It is wielding a +0 club.
The orc warrior throws a stone.
The stone hits you.
* * * LOW HITPOINT WARNING * * *
The orc wizard points at you and mumbles some strange words.
You easily resist.
The orc wizard casts a spell.
The orc wizard flickers and vanishes!
Deactivating autopickup; reactivate with Ctrl-A.
Your transformation is almost over.
The orc warrior throws a stone.
The stone misses you.
The orc warrior throws a stone.
The stone completely misses you.
Your transformation has ended.
Your +0 cloak unmelds from your body.
Your +0 helmet unmelds from your body.
Your +0 leather armour of poison resistance unmelds from your body.
You feel resistant to poison.
The orc warrior throws a stone.
The stone hits you but does no damage.
Casting: Spider Form (dangerous; 8% risk of failure)
Confirm with . or Enter, or press ? or * to list all spells.
You turn into a venomous arachnid creature.
Your +0 cloak melds into your body.
Your +0 helmet melds into your body.
Your +0 leather armour of poison resistance melds into your body.
You no longer feel resistant to poison.
The orc warrior hits you with a +0 hand axe!
You die...

### ##♣ ####.#### ≈≈♣♣♣♣
###########.......#
♣≈≈≈≈♣♣#....o..os.......##
≈≈≈≈≈≈≈♣..♣≈..####.#....#
..o...o...≈P≈.# #.##.#.# ##
≈≈≈≈≈≈P≈.≈≈≈≈≈# ##.####.##.##
≈≈≈≈≈≈≈≈.≈≈≈≈≈♣##...###.....##
♣≈≈P≈≈P≈.≈≈≈≈P≈♣.............#
.♣♣♣♣≈≈≈.≈≈≈≈≈≈≈≈.>.###......#
. ♣♣≈≈.≈≈≈≈≈≈≈P♣.## ##.#.### .
♣≈≈.≈≈≈≈≈P≈♣♣.#####.#.###


You could see an orc warrior and an orc.

Vanquished Creatures
  Grinder (D:6)
  Menkaure (D:4)
  A water moccasin (D:6)
  An orc warrior (D:6)
  3 sky beasts
  3 ogres
  A necrophage (D:6)
  A centaur (D:7)
  A kobold brigand (D:6)
  A bullfrog (D:6)
  A scorpion (D:4)
  2 water moccasin skeletons
  A howler monkey (D:4)
  An electric eel (D:7)
  A bullfrog zombie (D:5)
  2 hounds
  2 centaur skeletons (D:5)
  2 jellies
  Crazy Yiuf (D:5)
  2 orc priests
  Jessica (D:2)
  Natasha (twice) (D:2)
  3 iguanas
  An orc wizard (D:4)
  3 adders
  A white imp (D:3)
  2 dart slugs
  A worm (D:3)
  16 orcs
  2 endoplasms (D:2)
  A giant cockroach (D:4)
  10 goblins
  10 hobgoblins
  4 jackals (D:1)
  3 quokkas
  8 ball pythons
  4 bats
  4 frilled lizards
  13 kobolds
  10 rats
128 creatures vanquished.

Vanquished Creatures (others)
  A scorpion (D:5)
  19 plants (D:7)
20 creatures vanquished.

Grand Total: 148 creatures vanquished

Notes
Turn   | Place    | Note
-------+----------+-------------------------------------------
     0 | D:1      | loralnil the Gnoll Transmuter began the quest for the Orb.
     0 | D:1      | Reached XP level 1. HP: 17/17 MP: 6/6
   281 | D:1      | Reached XP level 2. HP: 18/23 MP: 5/7
   851 | D:1      | Reached XP level 3. HP: 28/28 MP: 7/9
   854 | D:1      | Learned a level 2 spell: Wereblood
   858 | D:1      | Learned a level 3 spell: Spider Form
   907 | D:1      | Reached skill level 5 in Spellcasting
  1713 | D:2      | Found an ancient bone altar of Kikubaaqudgha.
  1732 | D:2      | Reached skill level 1 in Invocations
  1791 | D:2      | Noticed Natasha
  1798 | D:2      | Killed Natasha
  1799 | D:2      | Reached skill level 1 in Short Blades
  1799 | D:2      | Reached skill level 1 in Long Blades
  1799 | D:2      | Reached skill level 1 in Axes
  1799 | D:2      | Reached skill level 1 in Maces & Flails
  1799 | D:2      | Reached skill level 1 in Polearms
  1799 | D:2      | Reached skill level 1 in Staves
  1799 | D:2      | Reached skill level 1 in Slings
  1799 | D:2      | Reached skill level 1 in Bows
  1799 | D:2      | Reached skill level 1 in Crossbows
  1799 | D:2      | Reached skill level 1 in Throwing
  1799 | D:2      | Reached skill level 1 in Armour
  1799 | D:2      | Reached skill level 1 in Stealth
  1799 | D:2      | Reached skill level 1 in Shields
  1799 | D:2      | Reached skill level 1 in Evocations
  1799 | D:2      | Reached XP level 4. HP: 18/34 MP: 9/11
  2045 | D:2      | Noticed Natasha
  2054 | D:2      | Killed Natasha
  2055 | D:2      | Reached skill level 1 in Conjurations
  2055 | D:2      | Reached skill level 1 in Hexes
  2055 | D:2      | Reached skill level 1 in Summonings
  2055 | D:2      | Reached skill level 1 in Necromancy
  2055 | D:2      | Reached skill level 1 in Translocations
  2055 | D:2      | Reached skill level 1 in Fire Magic
  2055 | D:2      | Reached skill level 1 in Ice Magic
  2055 | D:2      | Reached skill level 1 in Air Magic
  2055 | D:2      | Reached skill level 1 in Earth Magic
  2055 | D:2      | Reached skill level 1 in Poison Magic
  2203 | D:2      | Noticed Jessica
  2209 | D:2      | Killed Jessica
  2210 | D:2      | Reached XP level 5. HP: 32/40 MP: 10/12
  3328 | D:3      | Reached XP level 6. HP: 47/47 MP: 11/13
  3491 | D:3      | Found a faded altar of an unknown god.
  3863 | D:4      | Noticed Menkaure
  3867 | D:4      | Killed Menkaure
  3868 | D:4      | Reached skill level 5 in Dodging
  4166 | D:4      | Reached XP level 7. HP: 48/52 MP: 12/15
  4189 | D:4      | Reached skill level 7 in Unarmed Combat
  5071 | D:5      | Entered Level 5 of the Dungeon
  5449 | D:5      | Learned a level 3 spell: Teleport Other
  5486 | D:5      | Reached XP level 8. HP: 60/60 MP: 16/16
  5851 | D:5      | Found a runed translucent door.
  5852 | D:5      | Noticed Crazy Yiuf
  5950 | D:5      | Found a staircase to the Ecumenical Temple.
  5960 | Temple   | Entered the Ecumenical Temple
  5997 | Temple   | Became a worshipper of Cheibriados the Contemplative
  6305 | D:5      | Killed Crazy Yiuf
  6531 | D:6      | Found a shadowy altar of Dithmenos.
  7018 | D:6      | Learned a level 4 spell: Ice Form
  7458 | D:6      | Noticed Grinder
  7465 | D:6      | Paralysed by Grinder for 7 turns
  7478 | D:6      | Paralysed by Grinder for 2 turns
  7482 | D:6      | Killed Grinder
  7483 | D:6      | Reached skill level 5 in Transmutations
  7483 | D:6      | Reached XP level 9. HP: 28/66 MP: 18/18
  8253 | D:7      | Found Wuilircho's General Store.
  8314 | D:7      | Bought a scroll of fear for 45 gold pieces
  8314 | D:7      | Bought a scroll of teleportation for 39 gold pieces
  8314 | D:7      | Bought a +0 leather armour of poison resistance for 78 gold
                  | pieces
  8358 | D:7      | Reached * piety under Cheibriados
  8658 | D:7      | Reached skill level 5 in Fighting
  8673 | D:7      | Slain by an orc warrior

Illustrated notes

Levels and vault maps discovered:
D:1:      amcnicky_arrival_flooded_fountain, layout_basic
D:2:      layout_basic, basic_altar, uniq_natasha, uniq_jessica
D:3:      layout_loops_corners, hellmonk_ecumenical_altar_blasted
D:4:      layout_loops_corners, uniq_menkaure
D:5:      layout_basic, lemuel_temple_firewalk_b, uniq_crazy_yiuf_cottage
D:6:      layout_layer_cave, mainiacjoe_overflow_tiny_flanked, uniq_grinder
D:7:      layout_loops_ring, amcnicky_altar_gilded,
          nicolae_tso_swordbearing_angel, serial_shops, shop,
          nicolae_shop_stone, shop, shop, nicolae_shop_trees,
          serial_bayou_lagoon_b
Temple:   oiseaux_autumnal_temple

Skill      XL: |  1  2  3  4  5  6  7  8  9 |
---------------+----------------------------+-----
Spellcasting   | 5 6 |  6.6
Invocations    | 1 2 3 4 |  4.5
Short Blades   | 1 2 3 4 |  4.1
Long Blades    | 1 2 3 4 |  4.1
Axes           | 1 2 3 4 |  4.1
Maces & Flails | 1 2 3 4 |  4.1
Polearms       | 1 2 3 4 |  4.1
Staves         | 1 2 3 4 |  4.1
Slings         | 1 2 3 4 |  4.1
Bows           | 1 2 3 4 |  4.1
Crossbows      | 1 2 3 4 |  4.1
Throwing       | 1 2 3 4 |  4.1
Armour         | 1 2 3 4 |  4.1
Stealth        | 1 2 3 4 |  4.1
Shields        | 1 2 3 4 |  4.1
Evocations     | 1 2 3 4 |  4.1
Conjurations   | 1 2 3 |  3.4
Hexes          | 1 2 3 |  3.4
Summonings     | 1 2 3 |  3.4
Necromancy     | 1 2 3 |  3.4
Translocations | 1 2 3 |  3.4
Fire Magic     | 1 2 3 |  3.4
Ice Magic      | 1 2 3 |  3.4
Air Magic      | 1 2 3 |  3.4
Earth Magic    | 1 2 3 |  3.4
Poison Magic   | 1 2 3 |  3.4
Fighting       | 3 4 5 |  5.0
Transmutations | 4 5 |  5.2
Dodging        | 5 6 |  6.2
Unarmed Combat | 7 |  7.8

Action                   |  1- 3 |  4- 6 |  7- 9 || total
-------------------------+-------+-------+-------++-------
Melee: Unarmed           |    86 |    82 |   179 ||   347
       Kick              |    19 |    20 |    25 ||    64
       Headbutt          |    10 |    12 |     9 ||    31
       Punch             |     4 |     2 |     1 ||     7
       Bite              |     3 |     1 |     8 ||    12
 Cast: Beastly Appendage |    26 |    29 |    19 ||    74
       Spider Form       |       |       |    16 ||    16
  Use: Scroll            |     4 |     1 |     6 ||    11
       Potion            |       |       |     2 ||     2
 Stab: Sleeping          |     2 |    10 |     6 ||    18
       Distracted        |       |     1 |       ||     1
Armor: Robe              |     8 |     4 |    11 ||    23
       Skin              |       |       |     4 ||     4
       Leather armour    |       |       |     2 ||     2
Dodge: Dodged            |    62 |    26 |   144 ||   232
